 Dungeon Crawl Stone Soup version 0.17-a0-1941-gcc30b76 (webtiles) character file.

1242 Kuldar the Conjurer (level 8, -1/57 HPs)
             Began as a Demigod Conjurer on Sept 30, 2015.
             Slain by an adder (3 damage)
             ... on level 5 of the Dungeon.
             The game lasted 00:26:06 (6447 turns).

Kuldar the Conjurer (Demigod Conjurer)              Turns: 6447, Time: 00:26:06

Health: -1/57      AC:  3    Str: 11    XL:     8   Next: 4%
Magic:  1/21       EV: 12    Int: 23    God:
Gold:   313        SH:  0    Dex: 16    Spells: 2 memorised, 14 levels left

rFire  . . .     SeeInvis .     n - +2 spear (pierce)
rCold  . . .     Clarity  .     a - +0 robe
rNeg   + . .     SustAt   +     (no shield)
rPois  .         Gourm    .     (no helmet)
rElec  .         Spirit   .     (no cloak)
rCorr  .         Warding  .     e - +0 pair of gloves
rMut   .         Stasis   .     (no boots)
MR     .....                    k - amulet of inaccuracy (curse)
Stlth  ++........               (no ring)
                                y - ring of positive energy

@: hasted, very quick, not resistant to hostile enchantments, unstealthy
A: high mp 1, sustain attributes
a: no special abilities


You were on level 5 of the Dungeon.
You were hungry.

You visited 1 branch of the dungeon, and saw 5 of its levels.
You also visited: Sewer.

You collected 313 gold pieces.

Inventory:

Hand weapons
 m - a +1 hand axe
 n - a +2 spear of piercing (weapon)
 p - a +0 flail of holy wrath
Armour
 a - a +0 robe (worn)
 e - a +0 pair of gloves (worn)
 o - a +0 pair of boots
Jewellery
 d - an uncursed ring of magical power {unknown}
 k - a cursed amulet of inaccuracy (around neck)
 y - a ring of positive energy (left hand)
Scrolls
 h - 7 scrolls of identify
 q - a scroll of immolation {unknown}
 t - a scroll of fog {unknown}
 w - 2 scrolls of teleportation
 x - a scroll of remove curse {unknown}
 z - 2 scrolls of blinking
Potions
 i - 2 potions of curing
 j - a potion of lignification
 l - a potion of invisibility
 r - 3 potions of agility
 v - a potion of mutation {unknown}
Books
 b - a book of Conjurations

   Spells                             Type                      Level
   a - Magic Dart                     Conjuration                  1
   b - Searing Ray                    Conjuration                  2
   c - Dazzling Spray                 Conjuration/Hexes            3
   d - Fulminant Prism                Conjuration/Hexes            4
   e - Iskenderun's Mystic Blast      Conjuration                  4
   f - Iskenderun's Battlesphere      Conjuration/Charms           5
Comestibles
 c - 6 bread rations
 f - 3 meat rations
 g - a slice of pizza
 A - a chunk of flesh


   Skills:
 - Level 1.7 Dodging
 - Level 1.7 Stealth
 * Level 6.4 Spellcasting
 * Level 7.1 Conjurations


You had 14 spell levels left.
You knew the following spells:

 Your Spells              Type           Power        Failure   Level  Hunger
a - Magic Dart            Conj           ####         1%          1    None
f - Iskenderun's Mystic   Conj           #####...     6%          4    ###....


Dungeon Overview and Level Annotations

Branches:
Dungeon (5/15)
 Temple: D:4-7

Annotations:
D:3 EuServersOMG's ghost, average CeHu


Innate Abilities, Weirdness & Mutations

You have an increased reservoir of magic (+10% MP).
Your attributes are resistant to harm.


Message History

Confirm with . or Enter, or press ? or * to list all spells.
Aiming: Magic Dart
Press: ? - help, Shift-Dir - straight line, f/p - orc priest
Aim: an orc priest, wielding a dagger and wearing a ring mail (severely wounded)
The magic dart hits the orc priest.
The orc priest is severely wounded.
The orc priest calls down the wrath of Beogh upon you.
Pain shoots through your body!
* * * LOW HITPOINT WARNING * * *
An adder comes into view.
The orc priest mumbles some strange prayers to Beogh against you.
Pain shoots through your body!
* * * LOW HITPOINT WARNING * * *
The orc priest looks braver for a moment.
The orc priest mumbles some strange prayers to Beogh against you.
Something smites you!
* * * LOW HITPOINT WARNING * * *
Drink which item? (? for menu, Esc to quit)
You feel yourself speed up. The adder bites you.
You die...

..####.#.### #.[......#.#
.......#.# ##..###.##.#
######.#.# ######## ##.### ##.#
.......#.# #......# #..##.##.#
######.#.# #......# ##.##.....
#### #.#.# #......#######.#####.#
... #.#.# #...........##..# #.#
###.##.#.###...........###.####.#
...)...#...'.o..@S...............
###.########...........####.###'#
#. #...........# #...... #.
#...........#......... #.
#...........#......... #.
#...........#......... #.
#############......... #.
#......... ####.....


You could see an orc priest and an adder.

Vanquished Creatures
  Sigmund (D:4)
  Blork the orc (D:4)
  A gnoll sergeant (D:4)
  8 scorpions
  A crimson imp (D:5)
  2 hounds
  An iguana (D:4)
  2 centaur skeletons (D:4)
  An orc priest (D:4)
  3 orc wizards (D:5)
  A river rat (Sewer)
  9 adders
  7 gnolls
  3 worms
  11 orcs
  10 ball pythons
  20 bats
  5 goblins
  10 hobgoblins
  4 jackals (D:4)
  10 kobolds
  2 quokkas
  5 giant cockroaches
  4 giant geckos
  A giant gecko skeleton (D:4)
  8 giant newts
  A quokka skeleton (D:5)
  16 rats
148 creatures vanquished.

Notes
Turn   | Place    | Note
--------------------------------------------------------------
     0 | D:1      | Kuldar the Demigod Conjurer began the quest for the Orb.
     0 | D:1      | Reached XP level 1. HP: 14/14 MP: 5/5
   216 | D:1      | Reached XP level 2. HP: 15/20 MP: 0/7
  1025 | D:2      | Found a faded altar to an unknown god.
  1129 | D:2      | Reached XP level 3. HP: 14/26 MP: 3/10
  1146 | D:2      | Found an ancient bone altar of Kikubaaqudgha.
  1698 | D:2      | Found a deep blue altar of Sif Muna.
  1699 | D:2      | Found a snail-covered altar of Cheibriados.
  1765 | D:2      | Reached skill level 4 in Conjurations
  1922 | D:3      | Noticed EuServersOMG's ghost (average CeHu)
  2060 | D:3      | Found a glowing drain.
  2073 | D:3      | Reached XP level 4. HP: 19/33 MP: 9/11
  2077 | Sewer    | Entered a sewer
  2807 | D:4      | Found a sacrificial altar of Ru.
  2829 | D:3      | Reached XP level 5. HP: 34/38 MP: 6/13
  3219 | D:4      | Reached skill level 5 in Conjurations
  3246 | D:3      | Reached XP level 6. HP: 30/45 MP: 0/15
  3543 | D:4      | Noticed Blork the orc
  3552 | D:4      | Killed Blork the orc
  3706 | D:4      | Noticed Sigmund
  3804 | D:4      | Killed Sigmund
  3804 | D:4      | Reached skill level 5 in Spellcasting
  3979 | D:4      | Reached XP level 7. HP: 10/50 MP: 3/18
  4167 | D:4      | Reached skill level 6 in Conjurations
  4279 | D:4      | Learned a level 4 spell: Iskenderun's Mystic Blast
  5353 | D:5      | Entered Level 5 of the Dungeon
  5705 | D:5      | Found a glowing silver altar of Zin.
  5980 | D:5      | Found a shattered altar of Ashenzari.
  6196 | D:5      | Reached skill level 7 in Conjurations
  6201 | D:5      | Reached XP level 8. HP: 57/57 MP: 14/21
  6446 | D:5      | HP: 2/57 [orc priest/divine providence (12)]
  6447 | D:5      | Slain by an adder

Vault maps used:
D:1:      minmay_arrival_stone_box
D:2:      overflow_temple_1_default, minitemple, ecumenical_altar_1
D:3:      nicolae_overflow_hidden_temple, portal_sewer_entry_b
D:4:      old_forge, nicolae_ru_awakened_eye, first_bread, lightli_minifort,
          uniq_blork_the_orc, uniq_sigmund
D:5:      grunt_temple_overflow_open, okawaru_metal_pillars_1_2
Sewer:    sewer_co_cracked_pipes

Action                   |  1- 3 |  4- 6 |  7- 9 || total
-------------------------+-------+-------+-------++-------
Melee: Unarmed           |    12 |       |       ||    12
       Hand axe          |     7 |    11 |       ||    18
       Spear             |       |       |    15 ||    15
       Flail             |       |       |     6 ||     6
 Cast: Magic Dart        |   127 |   143 |   166 ||   436
       Iskenderun's Myst |       |       |    18 ||    18
  Use: Scroll            |     7 |     1 |       ||     8
       Potion            |       |     4 |     9 ||    13
 Stab: Invisible         |       |       |     2 ||     2
  Eat: Chunk             |     3 |     6 |     7 ||    16
       Pizza             |       |       |     1 ||     1
       Beef jerky        |       |       |     1 ||     1
